 Dungeon Crawl Stone Soup version 0.30-a0-591-g3c58d2bc28 (webtiles) character file.

Game seed: 15160191123049593544

447780 wormed the Stormcaller (level 24, -24/173 HPs)
             Began as an Octopode Transmuter on Jan 5, 2023.
             Was an Initiate of Gozag.
             Killed from afar by a fire giant (46 damage)
             ... with a bolt of fire
             ... on level 5 of the Vaults.
             The game lasted 01:32:31 (59993 turns).

wormed the Stormcaller (Octopode Transmuter)       Turns: 59993, Time: 01:32:32

Health: -24/173    AC: 28    Str: 21    XL:     24   Next: 23%
Magic:  39/39      EV: 41    Int: 37    God:    Gozag
Gold:   7243       SH:  0    Dex: 10    Spells: 27/47 levels left

rFire   . . .      SeeInvis +      - Unarmed
rCold   + . .      Faith    .    (shield currently unavailable)
rNeg    + . .      Spirit   .    (helmet currently unavailable)
rPois   ∞          Reflect  .    l - amulet of the Four Winds {rN+ Will+++ Clar}
rElec   +          Harm     .    W - ring of the Hare {EV+10}
rCorr   .          Rampage  .    t - ring "Extior" {Will++ Str+6}
Will    +++++      Clarity  +    D - +4 ring of protection
Stlth   +                        n - +6 ring of intelligence
HPRegen 0.48/turn                w - +4 ring of protection
MPRegen 0.26/turn                S - +6 ring of intelligence
                                 x - ring "Lauphiorch" {Fly Str+4 Slay+5}
                                 Q - ring of Mysticism {rC+ Slay+4 SInv}

@: storm-form, wereblooded, gold aura, flying, studying 2 skills
A: cleaving, insubstantial, flying, almost no armour, amphibious, 8 rings,
(camouflage 1), (gelatinous body 1), (nimble swimmer 1), (tentacles), clumsy 1,
screaming 1
}: 2/15 runes: barnacled, gossamer
a: Blinkbolt, End Transformation, Renounce Religion, Potion Petition, Call
Merchant, Bribe Branch


You were on level 5 of the Vaults.
You worshipped Gozag.
Gozag was greatly pleased with you.
You were a lightning-filled tempest!
You visited 8 branches of the dungeon, and saw 39 of its levels.
You visited 1 bazaar.
You also visited: Bailey, Ice Cave, Volcano, Wizlab and Desolation.

You collected 24236 gold pieces.
You spent 8116 gold pieces at shops.
You paid 8877 gold pieces to Gozag.

Inventory:

Armour
 s - the +3 hat of Pondering (melded) {ponderous, Will+ MP+10 Int+5}
   (You bought it in a shop on level 7 of the Dungeon)

   Int:       It affects your intelligence (+5).
   MP:        It affects your magic capacity (+10).
   Will:      It increases your willpower.
Magical Staves
 F - a staff of air (melded)
Jewellery
 d - the ring "Qarchecs" {*Corrode +Blink rN+ Int+5}
   (You found it in the Desolation of Salt)

   [ring of positive energy]

   Int:       It affects your intelligence (+5).
   rN:        It protects you from negative energy.
   +Blink:    It lets you blink.
   *Corrode:  It may corrode you when you take damage.
 l - the amulet of the Four Winds (around neck) {rN+ Will+++ Clar}
   (You bought it in a shop on level 2 of the Shoals)

   [amulet of nothing]

   rN:        It protects you from negative energy.
   Clar:      It protects you against confusion.
   Will:      It greatly increases your willpower.
 n - a +6 ring of intelligence (on tentacle)
 t - the ring "Extior" (right tentacle) {Will++ Str+6}
   (You bought it in a shop on level 2 of the Shoals)

   [ring of strength]

   Str:       It affects your strength (+6).
   Will:      It greatly increases your willpower.
 v - a ring of positive energy
 w - a +4 ring of protection (on tentacle)
 x - the ring "Lauphiorch" (on tentacle) {Fly Str+4 Slay+5}
   (You found it on level 1 of the Lair of Beasts)

   [ring of flight]

   Str:       It affects your strength (+4).
   Slay:      It affects your accuracy & damage with ranged weapons and melee
   (+5).
   Fly:       It grants you flight.
 D - a +4 ring of protection (on tentacle)
 E - the ring of Cumm {Fly rElec Str-5 Int+7 Slay+2}
   (You found it in the Desolation of Salt)

   [ring of flight]

   Str:       It affects your strength (-5).
   Int:       It affects your intelligence (+7).
   Slay:      It affects your accuracy & damage with ranged weapons and melee
   (+2).
   rElec:     It insulates you from electricity.
   Fly:       It grants you flight.
 N - a ring of magical power
 Q - the ring of Mysticism (on tentacle) {rC+ Slay+4 SInv}
   (You found it on level 5 of the Lair of Beasts)

   [ring of slaying]

   Slay:      It affects your accuracy & damage with ranged weapons and melee
   (+4).
   rC:        It protects you from cold.
   SInv:      It lets you see invisible.
 S - a +6 ring of intelligence (on tentacle)
 W - the ring of the Hare (left tentacle) {EV+10}
   (You bought it in a shop on level 2 of the Shoals)

   [ring of evasion]

   EV:        It affects your evasion (+10).
Wands
 m - a wand of mindburst (29)
 p - a wand of charming (40) (quivered)
 r - a wand of digging (17)
 A - a wand of iceblast (12)
 B - a wand of quicksilver (23)
 P - a wand of polymorph (4)
 U - a wand of flame (17)
Scrolls
 h - 13 scrolls of enchant weapon
 i - 17 scrolls of teleportation
 j - 5 scrolls of brand weapon
 u - 8 scrolls of magic mapping
 y - 5 scrolls of enchant armour
 G - 2 scrolls of amnesia
 I - 10 scrolls of fear
 K - 7 scrolls of butterflies
 O - 4 scrolls of silence
 R - 15 scrolls of fog
 T - 3 scrolls of torment
Potions
 a - 6 potions of might
 b - 8 potions of attraction
 c - 9 potions of brilliance
 e - 8 potions of mutation
 f - 3 potions of magic
 g - 6 potions of ambrosia
 k - a potion of berserk rage
 o - 14 potions of curing
 q - 3 potions of invisibility
 z - 2 potions of resistance
 C - 7 potions of lignification
 H - 4 potions of cancellation
 J - 10 potions of flight
 L - 9 potions of haste
 M - 3 potions of heal wounds


   Skills:
 + Level 16.4 Fighting
 + Level 18.6 Dodging
 + Level 16.7 Unarmed Combat
 - Level 12.0 Spellcasting
 - Level 13.0 Translocations
 + Level 19.8 Transmutations
 - Level 5.0 Ice Magic
 + Level 19.9 Air Magic


You had 27 spell levels left.
You knew the following spells:

 Your Spells              Type           Power      Damage    Failure   Level
a - Storm Form            Tmut/Air       53%        N/A       1%          7
b - Wereblood             Tmut           100%       N/A       0%          2
c - Swiftness             Air            100%       N/A       0%          3
d - Manifold Assault      Tloc           87%        N/A       1%          4
e - Ice Form              Ice/Tmut       85%        N/A       1%          4

Your spell library contained the following spells:

 Spells                   Type           Power      Damage    Failure   Level
 Apportation              Tloc           100%       N/A       0%          1
 Beastly Appendage        Tmut           100%       N/A       0%          1
 Vhi's Electric Charge    Tloc/Air       100%       N/A       0%          3
 Freeze                   Ice            100%       1d10      1%          1
 Kiss of Death            Conj/Necr      88%        2d12      1%          1
 Magic Dart               Conj           88%        1d7       1%          1
 Cigotuvi's Dreadful Rot  Necr/Pois/Air  100%       N/A       1%          2
 Ensorcelled Hibernation  Hex/Ice        80%        N/A       1%          2
 Passwall                 Tmut/Erth      64%        N/A       1%          2
 Poisonous Vapours        Pois/Air       100%       N/A       1%          2
 Static Discharge         Conj/Air       100%       2-7/arc   1%          2
 Frozen Ramparts          Ice            100%       1d16      1%          3
 Gell's Gravitas          Tloc           87%        N/A       1%          3
 Hailstorm                Conj/Ice       40%        3d10      1%          3
 Kindle Blastsparks       Fire/Tloc/Air  100%       2d18      1%          3
 Lesser Beckoning         Tloc           100%       N/A       1%          3
 Mephitic Cloud           Conj/Pois/Air  63%        N/A       1%          3
 Portal Projectile        Hex/Tloc       100%       N/A       1%          3
 Spider Form              Tmut/Pois      77%        N/A       1%          3
 Teleport Other           Tloc           87%        N/A       1%          3
 Iskenderun's Mystic Bla  Conj/Tloc      63%        2d13      1%          4
 Passage of Golubria      Tloc           87%        N/A       1%          4
 Summon Lightning Spire   Summ/Air       77%        N/A       1%          4
 Arcjolt                  Conj/Air       38%        1d48      1%          5
 Freezing Cloud           Conj/Ice/Air   35%        6-21      1%          5
 Lightning Bolt           Conj/Air       38%        1d57      1%          5
 Yara's Violent Unravell  Hex/Tmut       38%        3d15      1%          5
 Dispersal                Tloc           43%        N/A       1%          6
 Call Imp                 Summ           22%        N/A       2%          2
 Summon Forest            Summ/Tloc      31%        N/A       3%          5
 Maxwell's Capacitive Co  Air            53%        ∞         3%          8
 Conjure Ball Lightning   Conj/Air       38%        3x3d12    4%          6
 Statue Form              Tmut/Erth      51%        N/A       4%          6
 Call Canine Familiar     Summ           22%        N/A       5%          3
 Confusing Touch          Hex            22%        N/A       5%          3
 Stone Arrow              Conj/Erth      44%        3d9       5%          3
 Summon Guardian Golem    Hex/Summ       22%        N/A       5%          3
 Tukima's Dance           Hex            22%        N/A       5%          3
 Summon Ice Beast         Ice/Summ       40%        N/A       6%          4
 Dispel Undead            Necr           22%        3d12      17%         4
 Fulminant Prism          Conj/Hex       11%        3d8       17%         4
 Leda's Liquefaction      Hex/Erth       11%        N/A       17%         4
 Metabolic Englaciation   Hex/Ice        20%        N/A       17%         5
 Fireball                 Conj/Fire      11%        3d7       43%         5
 Iskenderun's Battlesphe  Conj           22%        2d8       43%         5
 Lee's Rapid Deconstruct  Erth           11%        3d8*      43%         5
 Summon Mana Viper        Hex/Summ       22%        N/A       43%         5
 Disjunction              Tloc           43%        N/A       50%         8
 Malign Gateway           Summ/Tloc      31%        N/A       71%         7
 Ozocubu's Refrigeration  Ice            28%        4d13      88%         7
 Death Channel            Necr           11%        N/A       95%         6
 Starburst                Conj/Fire      11%        6d5       95%         6
 Summon Cactus Giant      Summ           11%        N/A       95%         6
 Enfeeble                 Hex            11%        N/A       100%        7
 Monstrous Menagerie      Summ           11%        N/A       100%        7
 Orb of Destruction       Conj           11%        9d6       100%        7
 Summon Horrible Things   Summ           11%        N/A       100%        8
 Dragon's Call            Summ           11%        N/A       100%        9
 Fire Storm               Conj/Fire      11%        8d3       100%        9
 Animate Armour           Summ/Erth      Unusable   N/A       N/A         4
 Simulacrum               Ice/Necr       Unusable   N/A       N/A         6

Dungeon Overview and Level Annotations

Branches:
Dungeon (15/15)            Temple (1/1) D:6            Lair (5/5) D:11
 Shoals (4/4) Lair:2       Spider (4/4) Lair:3        Slime (0/5) Lair:5
    Orc (2/2) D:12            Elf (3/3) Orc:2        Vaults (5/5) D:13
  Crypt (0/3) Vaults:2     Depths (0/4) D:15         Bailey (visited)
  IceCv (visited)         Volcano (visited)          WizLab (visited)
Desolation (visited)

Altars:
Ashenzari
Cheibriados
Dithmenos
Elyvilon
Fedhas
Gozag
Hepliaklqana
Kikubaaqudgha
Makhleb
Nemelex Xobeh
Okawaru
Qazlal
Ru
Sif Muna
Trog
Uskayaw
Vehumet
Wu Jian
Xom
Yredelemnul
Zin
The Shining One
Jiyva

Shops:
D:1 !:**   D:6 *   D:7 [?[:   D:13 *[?   Orc:2 :*[[   Elf:3 (   Shoals:1 [**(
Shoals:2 *(=:=   Vaults:4 *

Annotations:
D:6 Maggie
D:7 2 transporters, greenreed's ghost, novice MiBe
Lair:5 1 runed translucent door


Innate Abilities, Weirdness & Mutations

You are a lightning-filled tempest!
Your electrical attacks strike out in all directions at once.
You are incredibly evasive.
Your insubstantial body is immune to petrification, constriction, and being set on fire You are flying.
You are immune to poison.
Your armour is entirely melded.
You are incapable of wielding weapons or throwing items.
You cannot wear most types of armour.
You are amphibious.
You can wear up to eight rings at the same time.
((Your skin changes colour to match your surroundings (Stealth+).))
((Your rubbery body absorbs attacks. (AC +1, EV +1)))
((You are camouflaged when in or above water. (Stealth+)))
((You have tentacles for arms and can constrict up to eight enemies at once.))
You are clumsy. (Dex -2)
You occasionally shout uncontrollably at your foes.


Message History

You blast the shadow dragon!!!!
You feel a bit better.
You kill the shadow dragon!
You now have 7243 gold pieces (gained 25).
There are no items here.
A tengu reaver is nearby!
You bellow as the wereblood boils in your veins!
The tengu reaver points at you and mumbles some strange words.
The bolt of poison misses you. The tengu reaver misses you.
The tengu reaver completely misses you. x2
The vault warden shoots a bolt.
The bolt closely misses you.
You blast the tengu reaver!!!!
Lightning courses through the tengu reaver!
You feel a bit better.
You kill the tengu reaver!
You hear a shout!
You feel energetic enough to blinkbolt again.
The vault warden unwields a +0 arbalest.
The vault warden wields a +0 halberd.
The vault warden hits you with a +0 halberd!!
You are too injured to fight recklessly!
You are too injured to fight recklessly!
You batter the fire giant!!
The fire giant is moderately wounded.
You buffet the vault warden!
The vault warden completely misses you.
You blast the fire giant!!!!
You feel a bit better.
You kill the fire giant!
You blast the vault warden!!!!
You feel a bit better.
You kill the vault warden!
The fire giant gestures at you while chanting.
The fireball explodes!
The fireball engulfs you!!!
* * * LOW HITPOINT WARNING * * *
The fireball engulfs the fire giant!
The fire giant resists.
You hear a shout! x2
Items here: $ )) [.
You blast the fire giant!!!
The fire giant is heavily wounded.
The fire giant casts a spell at you. The bolt of fire hits you!!!
You die...
Your body crumbles into a pile of gold.

##############
.............
........... ##
####........#
##.###.#.vCp......
#...#....$#....#..
.........##....#
....#.....#....#
... ##...##..[.#
##.###....#
#...##....# $
#.....#..p.# $$
......##....#


You could see a fire giant and a vault sentinel.

Vanquished Creatures
  A dread lich (Vaults:5)
  2 golden dragons (Vaults:5)
  Arachne (Spider:4)
  Jorgrun (D:13)
  Rupert (D:13)
  Asterion (Elf:3)
  Mlioglotl (Shoals:3)
  2 deep elf blademasters
  A titan (Vaults:5)
  A deep elf master archer (Elf:3)
  Polyphemus (Shoals:2)
  A quicksilver dragon (Vaults:5)
  2 krakens (Shoals:3)
  An eldritch tentacle (WizLab)
  The ghost of Iich the Severer, an adept DsBe of Trog (Shoals:3)
  Gastronok (Lair:2)
  Kirke (Shoals:1)
  7 sphinxes
  2 shadow dragons (Vaults:5)
  4 tengu reavers (Vaults:5)
  2 storm dragons (Vaults:5)
  2 azure jellies (IceCv)
  4 emperor scorpions (Spider:4)
  4 fire giants
  A frost giant (Vaults:5)
  Aizul (Vaults:4)
  8 vault wardens
  7 deep elf sorcerers
  Louise (D:14)
  An imperial myrmidon (Desolation)
  4 deep elf elementalists (Elf:3)
  2 orc warlords
  3 ironbound thunderhulks
  3 ghost moths (Spider:4)
  7 stone giants
  17 ironbound preservers
  4 war gargoyles
  6 very ugly things
  4 deep elf demonologists (Elf:3)
  Nessos (Lair:4)
  2 minotaurs (Shoals:4)
  10 deep elf annihilators
  A halazid warlock (Desolation)
  11 dire elephants
  2 spark wasps
  A purple draconian (WizLab)
  Snorg (D:13)
  The ghost of Ivofaura the Spry, a journeyman FeSu of Gozag (Shoals:2)
  An ettin (Vaults:2)
  3 merfolk javelineers
  4 merfolk impalers
  A mummy priest (Elf:1)
  Josephine (Orc:2)
  9 crystal guardians
  7 deep elf death magi
  2 fire dragons
  3 entropy weavers
  9 deep elf high priests (Elf:3)
  11 yaktaur captains
  3 great orbs of eyes
  Fannar (Lair:2)
  31 vault guards
  15 ironbound frosthearts
  5 hydras
  Harold (D:9)
  An alligator snapping turtle (Shoals:3)
  11 centaur warriors
  4 ragged hierophants
  10 servants of whispers (Desolation)
  6 peacekeepers
  Erica (D:10)
  3 jorogumos (Spider:2)
  A rakshasa (WizLab)
  2 ogre magi
  14 two-headed ogres
  2 radroaches
  A two-headed ogre (shapeshifter) (Vaults:3)
  9 boulder beetles
  6 merfolk avatars
  A merfolk aquamancer (Shoals:1)
  A titan zombie (Vaults:3)
  8 death yaks
  5 catoblepae
  23 dancing weapons
  14 satyrs
  A deep troll shaman (Vaults:4)
  2 deep troll earth magi
  5 orc high priests
  A thrashing horror (WizLab)
  6 hell knights
  A sun moth (Spider:2)
  Sonja (D:13)
  17 deep elf knights
  Lodul (D:14)
  6 skeletal warriors (Vaults:2)
  Amaemon (Lair:2)
  2 iron trolls (Vaults:4)
  3 pharaoh ants
  A shadow wraith (WizLab)
  6 sea snakes
  48 deep trolls
  2 shadow demons (Elf:1)
  10 orb spiders
  A glowing orange brain (shapeshifter) (Vaults:3)
  A swamp dragon (Lair:5)
  4 glowing orange brains
  9 deep elf archers
  18 ironbound convokers
  An obsidian statue (WizLab)
  A swamp dragon (shapeshifter) (Elf:2)
  An anaconda skeleton (WizLab)
  12 wizards
  12 lindwurms
  3 steelbarb worms
  38 deep elf pyromancers
  33 ugly things
  7 orc knights
  4 phantasmal warriors (Vaults:5)
  34 harpies
  A large abomination (WizLab)
  6 necromancers
  A mana viper (WizLab)
  3 tengu skeletons (Vaults:2)
  26 deep elf zephyrmancers
  5 cyclopes
  24 wolf spiders
  26 manticores
  30 fauns
  6 orc sorcerers
  A centaur zombie (D:15)
  5 moths of wrath
  A worldbinder (WizLab)
  27 elephants
  A moth of wrath (shapeshifter) (Elf:2)
  2 guardian serpents
  A frost giant skeleton (Vaults:3)
  5 black mambas
  2 human skeletons (Vaults:2)
  11 merfolk sirens
  4 water nymphs
  17 vault sentinels
  A fire giant skeleton (Vaults:2)
  5 molten gargoyles
  2 smoke demons
  A naga mage (D:15)
  An apocalypse crab (WizLab)
  5 torpor snails
  10 cane toads
  2 ice statues (IceCv)
  A centaur skeleton (D:15)
  3 orange demons
  A gargoyle (D:13)
  16 demonic crawlers
  An unseen horror (D:12)
  13 komodo dragons
  5 rime drakes
  Psyche (D:12)
  5 kobold demonologists
  31 yaktaurs
  3 tengu conjurers (D:14)
  2 efreet (D:15)
  6 freezing wraiths
  2 red devils (Volcano)
  4 trolls
  4 yaktaur skeletons (Vaults:2)
  31 merfolk
  4 meliai
  9 hornets
  3 polar bears
  6 wind drakes
  A hellwing (WizLab)
  16 blink frogs
  44 saltlings
  19 tarantellas
  A fire giant simulacrum (Vaults:3)
  7 snapping turtles
  22 slime creatures
  16 dream sheep
  26 jumping spiders
  5 wraiths
  19 culicivoras
  An elf zombie (Vaults:3)
  2 air elementals
  4 wyverns
  A centaur simulacrum (D:15)
  3 shadows (D:12)
  A small abomination (WizLab)
  9 water elementals
  Eustachio (D:6)
  2 vampires (D:12)
  5 vampire mosquitoes
  47 yaks
  2 fire bats (Volcano)
  3 fire elementals
  4 hogs (Shoals:1)
  A hog (shapeshifter) (D:13)
  4 steam dragons
  56 redbacks
  3 basilisks
  3 elf skeletons
  2 acid dragons
  4 spatial vortices (WizLab)
  3 wargs
  An ogre skeleton (WizLab)
  12 water moccasins
  A glowing shapeshifter skeleton (Vaults:4)
  2 hell hounds
  2 sky beasts
  28 orc warriors
  4 great orb of eyes simulacra (IceCv)
  5 swamp drakes
  13 ogres
  4 black bears
  7 wolves
  3 boggarts
  6 starcursed masses (WizLab)
  10 centaurs
  A phantom (D:12)
  4 slime creature simulacra (IceCv)
  21 kobold brigands
  A necrophage (D:5)
  4 gnoll sergeants
  2 scorpions
  18 bullfrogs
  4 earth elementals
  2 glowing shapeshifter simulacra (IceCv)
  2 cane toad simulacra (Lair:4)
  13 wights
  3 troll zombies (D:12)
  12 killer bees
  3 howler monkeys (D:8)
  An electric eel (Spider:4)
  6 lava snakes (Volcano)
  A human simulacrum (Vaults:3)
  A gnoll bouda (Orc:1)
  20 orc priests
  4 hounds
  4 jellies
  An iron imp (Orc:1)
  5 iguanas
  35 orc wizards
  A polar bear simulacrum (Lair:4)
  6 shapeshifter simulacra (IceCv)
  3 wolf simulacra (Lair:4)
  3 ogre zombies (D:12)
  A boggart simulacrum (D:15)
  12 gnolls
  5 adders
  3 shadow imps
  4 white imps
  An ufetubus (D:7)
  A worm (D:4)
  2 dart slugs
  73 orcs
  A bat (D:1)
  15 endoplasms
  2 giant cockroaches
  11 goblins
  8 hobgoblins
  11 jackals
  40 kobolds
  5 quokkas
  8 ball pythons
  4 frilled lizards
  2 goblin zombies (D:12)
  A hobgoblin skeleton (D:12)
  4 hobgoblin zombies (D:12)
  3 orc skeletons (D:12)
  9 orc zombies (D:12)
  4 rats
  3 bushes (Lair:1)
  7 tentacles (Shoals:3)
1906 creatures vanquished.

Vanquished Creatures (others)
  A dire elephant (Vaults:4)
  A deep elf knight (Elf:2)
  A deep elf zephyrmancer (Elf:3)
  2 manticores
  A merfolk (Shoals:4)
  A crimson imp (Orc:1)
  A hound (D:6)
  An iguana (Lair:5)
  3 orcs
  38 fungi
  96 plants
  2 tentacles (Shoals:3)
  6 toadstools (D:2)
154 creatures vanquished.

Grand Total: 2060 creatures vanquished

Notes
Turn   | Place    | Note
-------+----------+-------------------------------------------
     0 | D:1      | wormed the Octopode Transmuter began the quest for the Orb.
     0 | D:1      | Reached XP level 1. HP: 13/13 MP: 3/3
    59 | D:1      | Reached XP level 2. HP: 16/18 MP: 3/5
   360 | D:1      | You fall into a shaft and drop 1 floor!
   402 | D:2      | Reached XP level 3. HP: 11/23 MP: 6/6
   580 | D:2      | Learned a level 2 spell: Wereblood
   820 | D:2      | Reached skill level 1 in Ice Magic
   820 | D:2      | Reached XP level 4. HP: 19/29 MP: 4/7
  1577 | D:2      | Identified the +2 leather armour of Morality {Rampage rN+
                  | Int+4 Stlth-}
  1632 | D:2      | Identified the +3 sling of Harmony {drain, *Slow Fly Will++
                  | Dex+2}
  2538 | D:2      | Reached XP level 5. HP: 19/34 MP: 4/8
  2647 | D:2      | Learned a level 4 spell: Ice Form
  2902 | D:4      | Noticed a sky beast
  3080 | D:3      | Found a faded altar of an unknown god.
  3388 | D:4      | Found a white marble altar of Elyvilon.
  3396 | D:4      | Reached XP level 6. HP: 39/39 MP: 5/10
  3729 | D:4      | Killed a sky beast
  3900 | D:4      | Found a stormy altar of Qazlal.
  4229 | D:5      | Entered Level 5 of the Dungeon
  4234 | D:5      | Found a sparkling altar of Nemelex Xobeh.
  4281 | D:5      | Noticed a black bear
  4294 | D:5      | Killed a black bear
  4295 | D:5      | Reached XP level 7. HP: 45/45 MP: 3/11
  4633 | D:4      | Reached skill level 5 in Transmutations
  5001 | D:5      | Reached XP level 8. HP: 45/52 MP: 5/13
  5511 | D:6      | Found a staircase to the Ecumenical Temple.
  5518 | Temple   | Entered the Ecumenical Temple
  5892 | Temple   | Became a worshipper of Gozag Ym Sagoz the Greedy
  6062 | D:6      | Found Akaeg's Assorted Antiques.
  6123 | D:6      | Noticed Eustachio
  6133 | D:6      | Killed Eustachio
  6322 | D:7      | Found a transporter.
  6356 | D:6      | Reached skill level 5 in Unarmed Combat
  6665 | D:6      | Noticed Maggie
  6671 | D:6      | Reached XP level 9. HP: 58/58 MP: 10/15
  7232 | D:6      | Bought a long runed staff for 240 gold pieces
  7341 | D:7      | Found Ezxee's Antique Armour Boutique.
  7341 | D:7      | Found Atooxos's Book Emporium.
  7341 | D:7      | Found Taroegem's Magic Scroll Shop.
  7418 | D:7      | Found Foitur's Antique Armour Shop.
  7641 | D:7      | Bought a scroll of identify for 24 gold pieces
  7641 | D:7      | Bought a scroll of identify for 24 gold pieces
  7653 | D:7      | Reached skill level 5 in Dodging
  7700 | D:7      | Noticed a cyclops
  7701 | D:7      | Noticed greenreed's ghost (novice MiBe)
  7702 | D:7      | Noticed a cyan ugly thing
  7710 | D:7      | Identified the +0 robe "Hiluqyd" {rCorr}
  7738 | D:7      | Found a transporter.
  7830 | D:7      | Found Qoibiz's Book Emporium.
  7991 | D:7      | Found an ornate altar of the Wu Jian Council.
  8059 | D:8      | Noticed a komodo dragon
  8077 | D:8      | Killed a komodo dragon
  8078 | D:8      | Reached skill level 5 in Fighting
  8349 | D:8      | Reached skill level 5 in Spellcasting
  8436 | D:8      | Reached XP level 10. HP: 66/66 MP: 11/17
  8621 | D:8      | Found a flagged portal.
  8634 | Bailey   | Entered a bailey
  8679 | Bailey   | Noticed an orc warlord
  8720 | Bailey   | Noticed an orc knight
  8742 | Bailey   | Killed an orc knight
  8743 | Bailey   | Reached skill level 5 in Ice Magic
  8881 | Bailey   | Found a runed translucent gate.
  8883 | Bailey   | Found a runed translucent gate.
  8973 | Bailey   | Found a runed translucent gate.
  9152 | Bailey   | Reached skill level 10 in Transmutations
  9152 | Bailey   | Reached XP level 11. HP: 72/72 MP: 19/19
  9450 | D:8      | Reached XP level 12. HP: 77/77 MP: 20/20
 10336 | D:9      | Noticed a two-headed ogre
 10344 | D:9      | Killed a two-headed ogre
 10561 | D:9      | Noticed Harold
 10580 | D:9      | Killed Harold
 11059 | D:9      | Found a blossoming altar of Fedhas.
 11242 | D:7      | Bought the +3 hat of Pondering {ponderous, Will+ MP+10
                  | Int+5} for 762 gold pieces
 11242 | D:7      | Found the +3 hat of Pondering {ponderous, Will+ MP+10
                  | Int+5}
 11322 | D:10     | Entered Level 10 of the Dungeon
 11573 | D:10     | Noticed Erica
 11585 | D:10     | Killed Erica
 12536 | D:11     | Reached XP level 13. HP: 84/84 MP: 16/22
 13597 | D:11     | Found a staircase to the Lair.
 14001 | Lair:1   | Entered Level 1 of the Lair of Beasts
 14190 | D:7      | Bought a book of the Sky for 616 gold pieces
 14190 | D:7      | Bought a book of the Warp for 588 gold pieces
 14198 | D:7      | Learned a level 7 spell: Storm Form
 14203 | D:7      | Learned a level 4 spell: Manifold Assault
 14207 | D:7      | Learned a level 3 spell: Swiftness
 14307 | Lair:1   | Identified the ring "Lauphiorch" {Fly Str+4 Slay+5}
 15065 | Lair:1   | Got Vehumet's Tractate on Lethal Percussion
 15635 | Lair:2   | Found a staircase to the Shoals.
 15645 | Lair:2   | Noticed Amaemon
 15653 | Lair:2   | Killed Amaemon
 15677 | Lair:2   | Noticed Gastronok
 15690 | Lair:2   | Killed Gastronok
 16149 | Lair:2   | Gained mutation: You occasionally shout uncontrollably at
                  | your foes. [mutagenic glow]
 16168 | Lair:2   | Gained mutation: You are clumsy. (Dex -2) [mutagenic glow]
 16439 | Lair:2   | Noticed Fannar
 16459 | Lair:2   | Killed Fannar
 16461 | Lair:2   | Reached XP level 14. HP: 80/94 MP: 20/25
 16719 | Lair:2   | Identified a scroll of acquirement
 16720 | Lair:2   | Acquired a staff of air
 17081 | Lair:3   | Found a hole to the Spider Nest.
 18016 | Lair:4   | Found a frozen archway.
 18029 | IceCv    | Entered an ice cave
 18649 | IceCv    | Found a viscous altar of Jiyva.
 18649 | IceCv    | Noticed an azure jelly
 18654 | IceCv    | Noticed an azure jelly
 18655 | IceCv    | Killed an azure jelly
 18662 | IceCv    | Killed an azure jelly
 18739 | IceCv    | Got Yseikuah's Volume of the Blizzard
 18745 | IceCv    | Got the Atlas of Cryomancy
 19026 | Lair:4   | Noticed Nessos
 19030 | Lair:4   | Killed Nessos
 20111 | Lair:5   | Entered Level 5 of the Lair of Beasts
 20113 | Lair:5   | Found a dark tunnel.
 20127 | Volcano  | Entered a volcano
 20423 | Volcano  | Found a bloodstained altar of Trog.
 20601 | Volcano  | Identified the +8 spear of the Boar {flame, rC+ Dex+6}
 20850 | Lair:5   | Reached XP level 15. HP: 96/101 MP: 11/27
 21000 | Lair:5   | Found a runed translucent door.
 21000 | Lair:5   | Found a viscous altar of Jiyva.
 21003 | Lair:5   | Noticed an acid blob
 21321 | Lair:5   | Identified the ring of Mysticism {rC+ Slay+4 SInv}
 21415 | Lair:5   | Noticed an acid blob
 21416 | Lair:5   | Found a staircase to the Slime Pits.
 22191 | Lair:5   | Reached skill level 10 in Unarmed Combat
 23270 | D:12     | Found a staircase to the Orcish Mines.
 24007 | D:12     | Reached skill level 10 in Dodging
 24220 | D:12     | Noticed Psyche
 24221 | D:12     | Killed Psyche
 25030 | D:13     | Noticed Jorgrun
 25036 | D:13     | Killed Jorgrun
 25199 | D:13     | Noticed Rupert
 25200 | D:13     | Paralysed by Rupert for 5 turns
 25208 | D:13     | Reached XP level 16. HP: 74/109 MP: 21/28
 25208 | D:13     | Killed Rupert
 25209 | D:13     | Reached skill level 10 in Fighting
 25378 | D:13     | Found a transporter.
 25481 | D:13     | Found a transporter.
 25482 | D:13     | Noticed Snorg
 25491 | D:13     | Killed Snorg
 25549 | D:13     | Found a transporter.
 25628 | D:13     | Found a flickering gateway to a bazaar.
 25686 | Bazaar   | Entered a bazaar
 25691 | Bazaar   | Found Iruhacse's Magic Scroll Emporium.
 25692 | Bazaar   | Found Toes's Weapon Shop.
 25729 | Bazaar   | Found Waysilod's General Store.
 25737 | Bazaar   | Found Bumufe's Jewellery Boutique.
 25745 | Bazaar   | Bought a +4 ring of protection for 324 gold pieces
 25745 | Bazaar   | Bought a +6 ring of intelligence for 324 gold pieces
 25786 | Bazaar   | Bought a scroll of fear for 40 gold pieces
 25786 | Bazaar   | Bought a scroll of silence for 95 gold pieces
 25786 | Bazaar   | Bought a scroll of fear for 40 gold pieces
 25786 | Bazaar   | Bought a scroll of magic mapping for 75 gold pieces
 25786 | Bazaar   | Bought a scroll of torment for 95 gold pieces
 25820 | Bazaar   | Bought a scroll of butterflies for 64 gold pieces
 25820 | Bazaar   | Bought a scroll of magic mapping for 120 gold pieces
 26030 | D:13     | Found Waufal's Antique Armour Boutique.
 26058 | D:13     | Found Xobeto's General Store.
 26076 | D:13     | Reached skill level 15 in Transmutations
 26170 | D:13     | Reached skill level 15 in Air Magic
 26236 | D:13     | Found a transporter.
 26310 | D:13     | Noticed Sonja
 26318 | D:13     | Killed Sonja
 26369 | D:13     | Found Xurregueli's Magic Scroll Shop.
 26506 | D:13     | Found a gate to the Vaults.
 27185 | D:14     | Found a sacrificial altar of Ru.
 27227 | D:14     | Noticed Lodul
 27231 | D:14     | Killed Lodul
 27306 | D:14     | Found a shadowy altar of Dithmenos.
 27697 | D:14     | Noticed Louise
 27712 | D:14     | Killed Louise
 28232 | D:15     | Entered Level 15 of the Dungeon
 29270 | D:15     | Found a staircase to the Depths.
 29637 | D:13     | Bought a scroll of acquirement for 936 gold pieces
 29637 | D:13     | Acquired 1370 gold pieces
 30069 | Orc:1    | Entered Level 1 of the Orcish Mines
 30267 | Orc:2    | Entered Level 2 of the Orcish Mines
 30631 | Orc:2    | Noticed Josephine
 30640 | Orc:2    | Killed Josephine
 30943 | Orc:2    | Found a staircase to the Elven Halls.
 31130 | Orc:2    | Found Bagif's Armour Shop.
 31163 | Orc:2    | Reached XP level 17. HP: 117/117 MP: 26/29
 31184 | Orc:2    | Found Qaepahu's Book Shoppe.
 31206 | Orc:2    | Found Iteoc's General Store.
 31223 | Orc:2    | Found Daqar's Armour Shop.
 32296 | Spider:1 | Entered Level 1 of the Spider Nest
 32315 | Spider:1 | Reached skill level 1 in Translocations
 33695 | Spider:2 | Reached skill level 5 in Translocations
 34147 | Spider:3 | Reached skill level 10 in Spellcasting
 34604 | Spider:3 | Identified the +7 spear of Termination {protect, Fragile
                  | rPois Str+3 Dex+2}
 34764 | Spider:4 | Entered Level 4 of the Spider Nest
 34947 | Spider:4 | Reached XP level 18. HP: 124/124 MP: 29/32
 35224 | Spider:4 | Noticed Arachne
 35282 | Spider:4 | Killed Arachne
 36335 | Spider:4 | Got a gossamer rune of Zot
 36497 | Shoals:1 | Entered Level 1 of the Shoals
 36582 | Shoals:1 | Noticed Kirke
 36591 | Shoals:1 | Reached skill level 10 in Translocations
 36597 | Shoals:1 | Killed Kirke
 36842 | Shoals:1 | Found Ruqiwk's Merfolk Weapons.
 36842 | Shoals:1 | Found Ruqiwk's Visitors' Centre.
 36847 | Shoals:1 | Found Ruqiwk's Merfolk Magic.
 36847 | Shoals:1 | Found Ruqiwk's Merfolk Armours.
 37647 | Shoals:2 | Found Zaxaodd's Jewellery Boutique.
 37649 | Shoals:2 | Noticed Polyphemus
 37661 | Shoals:2 | Killed Polyphemus
 37691 | Shoals:2 | Noticed Ivofaura's ghost (journeyman FeSu)
 37703 | Shoals:2 | Found a runed translucent gate.
 37703 | Shoals:2 | Found a runed translucent gate.
 37747 | Shoals:2 | Bought the amulet of the Four Winds {rN+ Will+++ Clar} for
                  | 789 gold pieces
 37747 | Shoals:2 | Found the amulet of the Four Winds {rN+ Will+++ Clar}
 37840 | Shoals:2 | Found a runed translucent gate.
 37890 | Shoals:2 | Killed Ivofaura's ghost
 38010 | Shoals:2 | Found Otagexim's General Store.
 38120 | Shoals:2 | Reached XP level 19. HP: 128/128 MP: 29/35
 39283 | Shoals:3 | Found a transporter.
 39336 | Shoals:3 | Noticed Mlioglotl
 39345 | Shoals:3 | Killed Mlioglotl
 39435 | Shoals:3 | Found a transporter.
 39439 | Shoals:3 | Noticed Iich's ghost (adept DsBe)
 40484 | Shoals:3 | Killed Iich's ghost
 40810 | Shoals:3 | Identified the amulet "Ixeumoc" {RegenMP Will++}
 40975 | Shoals:3 | Acquired 863 gold pieces
 41035 | Shoals:2 | Bought the ring "Extior" {Will++ Str+6} for 912 gold pieces
 41097 | Shoals:4 | Entered Level 4 of the Shoals
 41433 | Shoals:4 | HP: 2/130 [satyr/arrow (7)]
 41440 | Shoals:4 | Found the +8 demon blade "Leech" {vamp, Harm Drain rN+}
 42116 | Elf:1    | Entered Level 1 of the Elven Halls
 43782 | Elf:1    | Found a shimmering blue altar of Sif Muna.
 43782 | Elf:1    | Identified the amulet of Qutameq {RegenMP Str+4}
 43816 | Elf:1    | Reached XP level 20. HP: 112/136 MP: 32/36
 43947 | Elf:1    | Got the Parchment of Company
 44073 | Elf:1    | Got the Reference Book on Productive Injury
 45644 | Elf:2    | Found a runed translucent gate.
 45644 | Elf:2    | Found a runed translucent gate.
 45644 | Elf:2    | Found a runed translucent gate.
 46523 | Elf:3    | Entered Level 3 of the Elven Halls
 46907 | Elf:3    | Found Raugok's Weapon Shoppe.
 46948 | Elf:3    | Noticed Asterion
 46958 | Elf:3    | Killed Asterion
 47553 | Elf:3    | Noticed a Brimstone Fiend
 47570 | Elf:3    | Noticed a Brimstone Fiend
 47591 | Elf:3    | Found the +4 skin of Zhor {*Englaciate rC+++ SInv}
 47592 | Elf:3    | Identified the +5 battleaxe of Laceration {flame, *Corrode
                  | rElec rF- Int+5}
 47633 | Elf:3    | Identified the amulet "Fanygy" {Reflect Dex+4 SH+5}
 47648 | Elf:3    | Identified the +7 quarterstaff "Cuchekk" {freeze, *Corrode
                  | rF+++ SInv Stlth+}
 47712 | Elf:3    | Identified the +4 dagger "Cuus" {flame, rF++ rC+ rN+ Int-5}
 47735 | Elf:3    | Identified the +4 hand axe "Tuziz" {pain, rCorr}
 47735 | Elf:3    | Identified the amulet "Poixzaf" {Acrobat Str+4 Dex+3}
 47741 | Elf:3    | Reached XP level 21. HP: 81/145 MP: 24/37
 48062 | Elf:3    | Identified the +7 rapier "Octopus's Bane" {drain, rPois
                  | Str+2 SInv}
 48585 | Shoals:2 | Bought the ring of the Hare {EV+10} for 2048 gold pieces
 48585 | Shoals:2 | Found the ring of the Hare {EV+10}
 49862 | Shoals:4 | Identified the +5 arbalest of Gallantry {penet, Int+3}
 49896 | Shoals:4 | Got a barnacled rune of Zot
 50280 | Vaults:1 | Entered Level 1 of the Vaults
 50392 | Vaults:1 | Found a crumbling gateway.
 50408 | Desolati | Entered the Desolation of Salt
 50699 | Desolati | Found the +13 scythe of Curses {drain, Drain}
 51116 | Desolati | Got Zeogirym's Secrets of United Freezing
 51164 | Desolati | Identified the +6 sling of Ryfur {freeze, Contam Fly rF++}
 51509 | Desolati | Identified the ring "Qarchecs" {*Corrode +Blink rN+ Int+5}
 51514 | Desolati | Identified the ring of Cumm {Fly rElec Str-5 Int+7 Slay+2}
 52014 | Vaults:1 | Found the +10 zealot's sword {holy, *Rage rN+ EV+3}
 52727 | Vaults:1 | Reached XP level 22. HP: 127/154 MP: 31/38
 53342 | Vaults:2 | Reached skill level 15 in Dodging
 54201 | Vaults:2 | Reached skill level 15 in Unarmed Combat
 54820 | Vaults:2 | Found a staircase to the Crypt.
 55128 | Vaults:2 | Reached skill level 15 in Fighting
 56242 | Vaults:3 | Reached XP level 23. HP: 162/162 MP: 39/39
 57040 | Vaults:4 | Found a magical portal.
 57045 | WizLab   | Entered The Roulette of Golubria
 57045 | WizLab   | Found a transporter.
 57052 | WizLab   | Found a corrupted altar of Lugonu.
 57104 | WizLab   | Found a transporter.
 57134 | WizLab   | Found a transporter.
 57205 | WizLab   | Found a transporter.
 57341 | WizLab   | Found a transporter.
 57352 | WizLab   | Found a transporter.
 57455 | WizLab   | Found a transporter.
 57575 | WizLab   | Found a transporter.
 57577 | WizLab   | Found a transporter.
 57597 | WizLab   | Found a transporter.
 57660 | WizLab   | Found a transporter.
 57661 | WizLab   | Found a corrupted altar of Lugonu.
 57663 | WizLab   | Found a corrupted altar of Lugonu.
 57678 | WizLab   | Found a transporter.
 57723 | WizLab   | Found a transporter.
 57822 | WizLab   | Found a transporter.
 57822 | WizLab   | Found a transporter.
 57828 | WizLab   | Paralysed by accursed screaming for 1 turns
 57874 | WizLab   | Found a transporter.
 57874 | WizLab   | Found a transporter.
 58034 | WizLab   | Found a transporter.
 58151 | WizLab   | Found a transporter.
 58155 | WizLab   | Found a transporter.
 58212 | WizLab   | Got Golubria's Almanac of Direction
 58237 | WizLab   | Identified the +1 cloak "Guamy" {Rampage Drain Regen+
                  | Dex+2}
 58242 | WizLab   | Identified the +1 cloak "Vuatups" {rN+ Regen+ rCorr}
 58243 | WizLab   | Identified the +2 cloak of Fenirren {-Tele rPois Will+
                  | rCorr}
 59455 | Vaults:4 | Found Noroaniw's Assorted Antiques.
 59691 | Vaults:4 | Noticed Aizul
 59699 | Vaults:4 | Killed Aizul
 59773 | Vaults:4 | Acquired 938 gold pieces
 59844 | Vaults:5 | Entered Level 5 of the Vaults
 59845 | Vaults:5 | Noticed a golden dragon
 59849 | Vaults:5 | Noticed a dread lich
 59865 | Vaults:5 | Killed a golden dragon
 59874 | Vaults:5 | Killed a dread lich
 59875 | Vaults:5 | Identified the ring of the Flying Gods {Fire rElec rPois
                  | rN+++ Int-4}
 59899 | Vaults:5 | Reached XP level 24. HP: 141/171 MP: 39/39
 59993 | Vaults:5 | Killed from afar by a fire giant

Illustrated notes

Levels and vault maps discovered:
D:1:      dpeg_arrival_long_road, layout_loops_ring
D:2:      cheibrodos_fertilizer, layout_basic
D:3:      mumra_celtic_spiral_tile, layout_loops_cross,
          hellmonk_ecumenical_altar_leap_of_faith, reono_crystal_passage
D:4:      layout_loops_ring, mainiacjoe_overflow_large_starburst,
          minmay_misc_feat_rugged
D:5:      layout_cave_pools, mainiacjoe_overflow_six_doors_small,
          grunt_ministairs_9, kennysheep_cluttered_room,
          eino_small_chamber_without_monster
D:6:      layout_basic, minmay_temple_entry_ruins, serial_shops, shop,
          uniq_eustachio, uniq_maggie
D:7:      layout_basic, mainiacjoe_overflow_alcove_4, nzn_ghost_randoct,
          serial_shops, nicolae_stop_n_shop_1, nicolae_shop_stone,
          nicolae_shop_advertising_works [nicolae_subvault_shop_adworks], shop,
          nicolae_square_shop
D:8:      layout_loops_ring, enter_bailey_2
D:9:      layout_rooms, fedhas_altar_4, minmay_increasing_density, uniq_harold
D:10:     layout_basic, special_room [special_room_kobold], uniq_erica
D:11:     layout_rooms, grunt_lair_entry_orc_guard_hut
D:12:     layout_stronghold, zombieorc1_lemuel, nzn_life_drinkers, uniq_psyche
D:13:     layout_small_grid, hangedman_vaults_entry_quadrant_bands,
          serial_shops, bzr_entry_safe, shop, kennysheep_mini, shop,
          nicolae_transporter_circle, uniq_snorg, uniq_sonja, uniq_jorgrun,
          uniq_rupert
D:14:     layout_grid_maze, nicolae_dithmenos_shadow_blocks,
          nicolae_ru_awakened_eye, uniq_lodul, uniq_louise
D:15:     grunt_enter_depths_magical_seal, layout_gridville, eino_curves_03,
          minivault_11
Temple:   minmay_temple_bridge_d
Lair:1:   layout_long_grid, minmay_hedge_maze, serial_bayou_pond_b,
          chequers_serial_rivers_room_b
Lair:2:   layout_roguey, shoals_dummy_entry, uniq_fannar, uniq_amaemon,
          uniq_gastronok
Lair:3:   layout_chaotic_city, hellmonk_spider_entry_not_the_bees,
          grunt_megastairs_4
Lair:4:   layout_concentric_octagons, portal_ice_cave_entry_ice_simulacra,
          st_stairs_8, grunt_megastairs_5, uniq_nessos
Lair:5:   hangedman_lair_in_review, layout_gridlike, guppyfry_lair_end_dragon,
          slime_entry_2, nicolae_volcano_entry_lava_flow,
          chequers_serial_rivers_room_a, nicolae_lair_grazing_beasts
          [nicolae_sub_lair_graze_edge, nicolae_sub_lair_graze_edge,
          nicolae_sub_lair_graze_edge, nicolae_sub_lair_graze_edge]
Shoals:1: nicolae_shoals_mermall, layout_shoals, uniq_kirke
Shoals:2: cheibrodos_shoals_roost, layout_shoals, gammafunk_ghost_split,
          serial_shops, nicolae_diamond_shop, shop, uniq_polyphemus
Shoals:3: layout_shoals, gammafunk_ghost_berserking_beasts, uniq_mlioglotl
Shoals:4: shoals_end_hellmonk_lost_city
Spider:1: layout_spider_delve
Spider:2: layout_spider_delve, nicolae_spider_world_wide_web
Spider:3: layout_spider_delve, worms_lemuel
Spider:4: spider_rune_water, uniq_arachne
Orc:1:    layout_caves, hangedman_minor_magic
Orc:2:    st_orc_elflike, layout_diamond_mine, uniq_josephine
Elf:1:    minmay_elf_arrival_summoners, layout_geoelf_diagonals,
          minmay_elf_sorcery, hangedman_summoners_spam
Elf:2:    elven_hall_of_blades_hangedman_original
          [nicolae_blade_entry_floor_patterns], layout_rooms, st_stairs_1
Elf:3:    minmay_elf_hall_golems, layout_geoelf_grid, serial_shops,
          nicolae_shop_competitors_out_of_business, uniq_asterion
Vaults:1: portal_desolation_entry_nicolae_nacl, v_misc_24,
          grunt_vaults_trifunnel, vaults_mumra_lcd,
          nicolae_vaults_little_squares_4, v_misc_28, v_pattern_3,
          hangedman_vaults_maws, vaults_dpeg_encased_lava,
          hangedman_vaults_slice, ontoclasm_vaults_chip, vaults_dpeg_hooks,
          layout_vaults_big_room
Vaults:2: v_misc_18, v_misc_19, ontoclasm_vaults_ring_square,
          hangedman_vaults_stitches, vaults_standard_mumra_lines,
          vaults_room_door_ring, hangedman_vaults_cutoff, serial_ice_b,
          ontoclasm_vaults_shout, layout_vaults_omnigrid,
          minmay_crypt_entry_skeletal_spiral
Vaults:3: v_misc_10, v_rooms_6, nicolae_vaults_network_s,
          nicolae_vaults_little_squares_3, v_misc_3, v_rooms_3, v_misc_1,
          hangedman_vaults_impose, st_cells, vaults_dpeg_diagonal,
          layout_vaults_omnibox
Vaults:4: infiniplex_enter_wizlab_spiral, nicolae_vaults_ring_of_whatevers,
          nicolae_vaults_ninety_degrees, v_rooms_5, hangedman_vaults_nails,
          nicolae_vaults_asterisk, nicolae_vaults_circle_grid_a,
          nicolae_vaults_specimen_jars, layout_vaults_ring, serial_shops,
          nicolae_lakefront_shop, uniq_aizul
Vaults:5: serial_shops

Skill      XL: |  1  2  3  4  5  6  7  8  9 10 11 12 13 14 15 16 17 18 19 20 21 22 23 |
---------------+----------------------------------------------------------------------+-----
Ice Magic      | 1 2 3 4 5 |  5.0
Transmutations | 3 4 5 6 7 10 11 12 13 14 15 16 17 18 19 | 19.8
Fighting       | 2 3 4 5 6 8 9 10 11 12 13 14 15 16 | 16.4
Dodging        | 3 4 5 6 8 9 10 11 12 13 14 16 18 | 18.6
Spellcasting   | 3 4 5 6 7 8 10 12 | 12.0
Unarmed Combat | 4 5 6 7 8 9 10 11 12 13 14 15 16 | 16.7
Air Magic      | 8 11 12 13 14 15 16 17 18 19 | 19.9
Translocations | 7 12 13 | 13.0

Action                   |  1- 3 |  4- 6 |  7- 9 | 10-12 | 13-15 | 16-18 | 19-21 | 22-24 || total
-------------------------+-------+-------+-------+-------+-------+-------+-------+-------++-------
Melee: Unarmed           |    64 |   139 |   195 |   358 |   652 |   726 |   755 |   573 ||  3462
       Constrict         |    16 |    42 |     7 |       |     6 |     4 |     3 |     4 ||    82
       Kick              |    19 |    34 |       |       |       |       |       |       ||    53
       Punch             |     3 |     1 |     2 |       |    27 |    47 |    73 |    74 ||   227
       Tentacles         |     9 |    23 |     5 |       |    16 |     8 |     4 |    12 ||    77
       Staff             |       |       |       |       |    33 |    23 |     9 |    18 ||    83
 Cast: Beastly Appendage |    16 |    33 |       |       |       |       |       |       ||    49
       Wereblood         |     3 |    31 |     5 |    19 |    31 |    55 |    84 |    46 ||   274
       Ice Form          |       |     3 |    25 |    27 |    11 |       |       |       ||    66
       Storm Form        |       |       |       |       |    61 |    64 |    91 |    48 ||   264
       Manifold Assault  |       |       |       |       |       |       |    11 |       ||    11
Invok: Call Merchant     |       |       |       |       |     3 |     1 |     3 |       ||     7
       Potion Petition   |       |       |       |       |       |     1 |     3 |       ||     4
 Abil: Blinkbolt         |       |       |       |       |       |     4 |     9 |     1 ||    14
Evoke: Wand              |       |       |     1 |       |       |       |       |       ||     1
  Use: Scroll            |       |    15 |     4 |     9 |     5 |     3 |     6 |     2 ||    44
       Potion            |       |       |     5 |     4 |     4 |     5 |     8 |     1 ||    27
 Stab: Sleeping          |     1 |     5 |       |       |     1 |       |       |       ||     7
       Distracted        |       |       |     1 |     2 |     9 |    11 |     9 |     4 ||    36
       Petrified         |       |       |       |       |       |     4 |       |       ||     4
Armor: Skin              |     1 |     9 |    37 |   107 |    85 |   200 |   134 |    84 ||   657
Dodge: Dodged            |    33 |    87 |   153 |   267 |   634 |  1088 |   789 |   667 ||  3718

Table legend: (Time is in decaauts)
 A = Elapsed time spent in this place.
 B = Non-inter-level travel time spent in this place.
 C = Inter-level travel time spent in this place.
 D = Time resting spent in this place.
 E = Time spent auto-exploring this place.
 F = Levels seen in this place.
 G = Mean time per level.
                   A        B        C        D        E       F      G
               +--------+--------+--------+--------+--------+-----+--------+
         Total |  61042 |  55140 |   5902 |   1196 |  44504 |  45 | 1356.5 |
       Dungeon |  21640 |  18352 |   3288 |    595 |  14633 |  15 | 1442.7 |
        Temple |    444 |    301 |    143 |      0 |    285 |   1 |  444.0 |
          Lair |   7759 |   7182 |    577 |      0 |   6348 |   5 | 1551.8 |
        Shoals |   6838 |   6232 |    606 |    433 |   4799 |   4 | 1709.5 |
   Spider Nest |   4229 |   4052 |    177 |      0 |   3430 |   4 | 1057.2 |
  Orcish Mines |   2570 |   2030 |    540 |      0 |   1726 |   2 | 1285.0 |
   Elven Halls |   5644 |   5298 |    346 |    165 |   4195 |   3 | 1881.3 |
        Vaults |   7267 |   7044 |    223 |      0 |   5943 |   5 | 1453.4 |
        Bazaar |    175 |    175 |      0 |      0 |     95 |   1 |  175.0 |
        Bailey |    671 |    671 |      0 |      0 |    333 |   1 |  671.0 |
      Ice Cave |    828 |    828 |      0 |      0 |    581 |   1 |  828.0 |
       Volcano |    519 |    519 |      0 |      3 |    253 |   1 |  519.0 |
        Wizlab |   1214 |   1214 |      0 |      0 |    886 |   1 | 1214.0 |
    Desolation |   1238 |   1238 |      0 |      0 |    989 |   1 | 1238.0 |
               +--------+--------+--------+--------+--------+-----+--------+

Top non-repeatable levels by time:
Shoals:3: 2336 daAuts
   Elf:1: 2315 daAuts
Vaults:2: 2177 daAuts
  Lair:5: 2141 daAuts
    D:12: 2059 daAuts
Shoals:2: 1904 daAuts
    D:10: 1898 daAuts
   Elf:3: 1816 daAuts
    D:13: 1802 daAuts
Vaults:1: 1761 daAuts
   Orc:2: 1724 daAuts
    D:14: 1707 daAuts
Spider:4: 1676 daAuts
Vaults:4: 1657 daAuts
Shoals:4: 1572 daAuts
